 Dungeon Crawl Stone Soup version 0.23.2-40-g277498a001 (webtiles) character file.

Game seed: 16123666193724318709

58 Blues the Ruffian (level 3, -9/36 HPs)
             Began as a Troll Berserker on Sept 23, 2019.
             Was a Believer of Trog.
             Killed by nerve-wracking pain
             ... invoked by Grinder
              (11 damage)
             ... on level 3 of the Dungeon.
             The game lasted 00:05:57 (815 turns).

Blues the Ruffian (Troll Berserker)                  Turns: 815, Time: 00:05:57

Health: -9/36      AC:  7    Str: 26    XL:     3   Next: 75%
Magic:  2/2        EV: 10    Int:  3    God:    Trog [**....]
Gold:   85         SH:  0    Dex:  9    Spells: 2/2 levels left

rFire    . . .     SeeInvis .     - Unarmed
rCold    . . .     Gourm    +   (no shield)
rNeg     . . .     Faith    .   a - +1 animal skin
rPois    .         Spirit   .   (helmet restricted)
rElec    .         Reflect  .   (no cloak)
rCorr    .         Harm     .   (gloves unavailable)
MR       .....                  (boots unavailable)
Stlth    +.........             (no amulet)
HPRegen  0.52/turn              (no ring)
MPRegen  0.08/turn              (no ring)

@: about to teleport
A: large, unfitting armour, claws 3, fast metabolism 3, gourmand, regeneration
1, shaggy fur 1, tough skin 3
a: Berserk, Trog's Hand, Renounce Religion


You were on level 3 of the Dungeon.
You worshipped Trog.
Trog was pleased with you.
You were completely stuffed.

You visited 1 branch of the dungeon, and saw 3 of its levels.

You collected 85 gold pieces.

Inventory:

Armour
 a - a +1 animal skin (worn)
Scrolls
 g - a scroll of remove curse
Potions
 e - a potion of haste {unknown}
 i - a potion of flight {unknown}
Comestibles
 b - 4 rations


   Skills:
 + Level 2.8 Fighting
 + Level 3.1 Dodging
 + Level 0.1 Stealth
 + Level 3.6 Unarmed Combat


You had 2 spell levels left.
You didn't know any spells.
Your spell library was empty.

Dungeon Overview and Level Annotations

Branches:
Dungeon (3/15)

Altars:
Fedhas

Annotations:
D:3 Grinder


Innate Abilities, Weirdness & Mutations

You are too large for most types of armour.
You have claws for hands.
Your metabolism is lightning-fast.
You like to eat raw meat.
Your natural rate of healing is unusually fast.
You are covered in fur. (AC +1)
You have extremely tough skin. (AC +3)


Message History

As you read the scroll labeled RAITASU POKO, it crumbles to dust.
It is a scroll of enchant armour.
Your +0 animal skin glows green for a moment.
As you read the scroll labeled QIWICZ DUUSA, it crumbles to dust.
You feel aware of your surroundings.
You sensed 1 altar.
It was a scroll of magic mapping.
As you read the scroll labeled RISHANN REYBB, it crumbles to dust.
You feel blessed for a moment.
It was a scroll of remove curse.
As you read the scroll labeled OLEEMAR GETOU, it crumbles to dust.
You feel strangely unstable.
It was a scroll of teleportation.
You barely miss Grinder. Grinder hits you!
You barely miss Grinder. Grinder hits you!
* * * LOW HITPOINT WARNING * * *
You writhe in agony.
* * * LOW HITPOINT WARNING * * *
You scratch Grinder.
Grinder is lightly wounded.
Grinder gestures at you. Pain shoots through your body!
You die...

,,,,,,,,,,,* *,* *, ,,,,,,,***,*
**,* *, ,,,***,* *,*
*####*,,*****,
,,,***,***,**##*####...,,,.,,,,,,
,,,,,,,,,,,,,..,,?.#.####..,***,,
,,,,,,,*#*,###.*##........,******
,,,***,*#..,...##........,,,,,* *
**,***,*.#...#.#.....#****,**,*
,,,,,,,,..<....5@..:.# *,**,***
,,,,,,,*.##..###>....#****,**,**,
,*,**,,,...,,* #....##*,,,,**,**,
,*,**,,*#*,*,* #.!.## *,**,**,**,
,*,**,,* ***,* ##.[# *,**,**,**,
,*,**,,* *,,,* #..# *,**,**,**,
,,,,,,,* *,*** #..# *,**,**,**,
,,,,,,,* *,* #..#***,**,**,**,
,*,***** *,* *,,,,,,,,,,**,**,


You could see Grinder.

Vanquished Creatures
  2 adders
  A dart slug (D:1)
  2 leopard geckos
  An orc (D:3)
  A ball python (D:2)
  5 giant cockroaches
  2 hobgoblins (D:1)
  4 bats
  2 frilled lizards
  2 goblins (D:1)
  4 kobolds
  9 rats
35 creatures vanquished.

Notes
Turn   | Place    | Note
-------+----------+-------------------------------------------
     0 | D:1      | Blues the Troll Berserker began the quest for the Orb.
     0 | D:1      | Reached XP level 1. HP: 22/22 MP: 0/0
   125 | D:1      | Reached XP level 2. HP: 27/29 MP: 1/1
   676 | D:2      | Reached XP level 3. HP: 36/36 MP: 2/2
   698 | D:2      | Reached ** piety under Trog
   769 | D:2      | Found a blossoming altar of Fedhas.
   793 | D:3      | Noticed Grinder
   799 | D:3      | Paralysed by Grinder for 4 turns
   815 | D:3      | Killed from afar by Grinder

Skill      XL: |  1  2  3 |
---------------+----------+-----
Dodging        | 3 |  3.1
Fighting       | |  2.8
Stealth        | |  0.1
Unarmed Combat | |  3.6

Action                   || total
-------------------------++-------
Melee: Unarmed           ||    89
       Punch             ||     1
  Use: Scroll            ||     4
       Potion            ||     1
 Stab: Sleeping          ||     1
  Eat: Chunk             ||    13
Armor: Animal skin       ||    42
Dodge: Dodged            ||    72
